 Dungeon Sprint DCSS version 0.17-a0-1636-g3119f2b (webtiles) character file.

53230 Kidiri the Hoplite (level 14, -5/76 HPs)
             Began as a Gargoyle Fighter on Aug 5, 2015.
             Was the Champion of Okawaru.
             Slain by an entropy weaver (14 damage)
             ... in the Dungeon (Sprint IX: "|||||||||||||||||||||||||||||").
             The game lasted 00:18:35 (3159 turns).

Kidiri the Hoplite (Gargoyle Fighter)               Turns: 3159, Time: 00:18:35

Health: -5/76      AC:  2    Str: 32    XL:     14   Next: 67%
Magic:  21/21      EV: 20    Int: 13    God:    Okawaru [******]
Gold:   1492       SH: 18    Dex: 17    Spells: 0 memorised, 13 levels left

rFire  . . .     SeeInvis .     M - +7 mace of Orus {crush, Str+4 Int+4 Dex-4}
rCold  . . .     Clarity  .     Q - +6 scale mail of Jigsaw {*Corrode Str+4 Dex+9}
rNeg   + . .     SustAt   .     c - +0 shield
rPois  ∞         Gourm    .     D - +2 hat
rElec  +         Spirit   .     B - +0 cloak
rCorr  .         Warding  .     r - +2 pair of gloves
rMut   .         NoTele   +     G - +0 pair of boots
MR     +....                    (no amulet)
Stlth  ..........               u - +3 ring of dexterity
                                K - +3 ring of slaying

@: corroded equipment, somewhat resistant to hostile enchantments, extremely
unstealthy
A: big wings, hooves 1, rough black scales 1, rugged brown scales 1, negative
energy resistance 1, regeneration 1, screaming 1, electricity resistance,
unbreathing, petrification resistance, rot immunity, AC +9
a: Fly, Heroism, Finesse, Renounce Religion


You were in the Dungeon.
You worshipped Okawaru.
Okawaru was exalted by your worship.
You were not hungry.

You visited 1 branch You collected 1916 gold pieces.
You spent 424 gold pieces at shops.

Inventory:

Hand weapons
 q - a +4 morningstar of protection
 M - the +7 mace of Orus (weapon) {crush, Str+4 Int+4 Dex-4}
   (You found it in the Dungeon)

   It inflicts extra damage upon your enemies.
   It affects your strength (+4).
   It affects your intelligence (+4).
   It affects your dexterity (-4).
Missiles
 g - 12 tomahawks of returning (quivered)
 v - 6 steel javelins
 y - 6 javelins
 C - 5 throwing nets
 E - 6 tomahawks
 F - 13 javelins of returning
 P - 4 silver javelins
 S - 6 exploding tomahawks
Armour
 c - a +0 shield (worn)
 r - a +2 pair of gloves (worn)
 B - a +0 cloak (worn)
 D - a +2 hat (worn)
 G - a +0 pair of boots (worn)
 N - a +4 plate armour of fire resistance
 Q - the +6 scale mail of Jigsaw (worn) {*Corrode Str+4 Dex+9}
   (Okawaru gifted it to you in the Dungeon)

   It affects your strength (+4).
   It affects your dexterity (+9).
   It may corrode your equipment when you take damage.
 T - a +2 large shield of positive energy
Jewellery
 t - a +3 ring of intelligence
 u - a +3 ring of dexterity (right hand)
 I - an uncursed ring of fire
 J - an uncursed ring of ice
 K - a +3 ring of slaying (left hand)
 L - an uncursed ring of fire
Magical devices
 p - a wand of draining (7)
Scrolls
 a - 2 scrolls of enchant weapon
 k - 4 scrolls of blinking
 l - 3 scrolls of fog
 n - 4 scrolls of remove curse
 o - 2 scrolls of amnesia
 w - a scroll of identify
 O - 2 scrolls of fear
Potions
 b - 3 potions of cure mutation
 d - 6 potions of might
 f - 8 potions of curing
 h - 2 potions of haste
 i - 4 potions of magic
 j - 2 potions of berserk rage
 m - a potion of invisibility
 s - a potion of flight {unknown}
 H - 2 potions of heal wounds
Comestibles
 e - 12 bread rations
 z - 40 fruits
 A - 12 meat rations
 R - 7 chunks of flesh


   Skills:
 - Level 3.2 Fighting
 + Level 15.2 Maces & Flails
 + Level 12.8 Throwing
 * Level 21.9 Armour
 + Level 13.0 Dodging
 * Level 22.0 Shields
 - Level 10.5 Invocations


You had 13 spell levels left.
You didn't know any spells.

Dungeon Overview and Level Annotations

Branches:
Dungeon (1/1)

Altars:
Cheibriados
Dithmenos
Elyvilon
Fedhas
Gozag
Kikubaaqudgha
Makhleb
Nemelex Xobeh
Okawaru
Qazlal
Ru
Sif Muna
Trog
Vehumet
Xom
Yredelemnul
Zin
The Shining One
Beogh
Jiyva
Lugonu

Shops:
D [(!:


Innate Abilities, Weirdness & Mutations

You are resistant to torment.
Your stone body is resilient (AC +9).
You are immune to poison.
Your large and strong wings let you fly indefinitely.
You resist negative energy.
You are resistant to electric shocks.
You can survive without breathing.
You are immune to petrification.
You are immune to rotting.
You have large cloven feet.
You are partially covered in rough black scales (AC +4, Dex -1).
You are partially covered in rugged brown scales (AC +1, +3% HP).
Your natural rate of healing is unusually fast.
You occasionally shout uncontrollably at your foes.


Message History

Throwing (i - inventory. (,) - cycle):
g - 12 tomahawks of returning (quivered)
Press: ? - help, Shift-Dir - straight line, f/p - entropy weaver
Aim: an entropy weaver (almost dead, catching its breath)
You throw a tomahawk of returning.
The tomahawk of returning hits the entropy weaver.
The entropy weaver is almost dead.
The tomahawk of returning returns to your pack!
The entropy weaver completely misses you.
You block the entropy weaver's attack. The entropy weaver hits you!
* * * LOW HITPOINT WARNING * * *
The entropy weaver hits you but does no damage.
You hit the entropy weaver but do no damage.
The entropy weaver is almost dead.
You closely miss the entropy weaver.
The entropy weaver is almost dead.
You block the entropy weaver's attack. x2
The entropy weaver hits you!
* * * LOW HITPOINT WARNING * * *
The entropy weaver hits you!
You die...

'[.........[[[[[.[[.)).))))).....
▓▓▓▓▓▓▓▓▓▓▓▓▓▓▓▓▓▓▓▓▓▓▓▓▓▓▓▓▓▓▓▓▓
..............................)..
♣♣♣♣♣♣♣♣▓▓▓▓▓▓▓▓▓▓▓▓▓▓▓▓▓▓▓▓▓▓▓▓▓
..%%%..%...))%)))'.......%%'.....
♣♣♣♣♣♣♣♣▓▓▓▓▓▓▓▓▓▓▓▓▓▓▓▓▓▓▓▓▓▓▓▓▓
.................................
▓▓▓▓▓▓▓▓▓▓▓▓▓▓▓▓▓▓▓▓▓▓▓▓▓▓▓▓▓▓▓▓▓
((....p@.[))............
▓▓▓▓▓▓▓▓▓▓▓▓▓▓▓▓▓▓▓▓▓▓▓▓


You could see an entropy weaver.

Vanquished Creatures
  2 liches (D)
  Jory (D)
  Agnes (D)
  A fire giant (D)
  A frost giant (D)
  A stone giant (D)
  Nessos (D)
  3 ettins (D)
  A merfolk impaler (D)
  2 yaktaur captains (D)
  4 ice dragons (D)
  Harold (D)
  Erolcha (D)
  A hydra (D)
  4 ogre magi (D)
  A centaur warrior (D)
  Erica (D)
  A vampire mage (D)
  A deep troll earth mage (D)
  A tengu warrior (D)
  A shock serpent (D)
  A spriggan berserker (D)
  A satyr (D)
  A giant orange brain (D)
  5 orc knights (D)
  A swamp dragon (D)
  3 deep trolls (D)
  5 hill giants (D)
  A hornet (D)
  2 ugly things (D)
  A manticore (D)
  An orc sorcerer (D)
  A griffon (shapeshifter) (D)
  A necromancer (D)
  A mana viper (D)
  3 black mambas (D)
  A water nymph (D)
  A cyclops (D)
  A siren (D)
  4 naga magi (D)
  A komodo dragon (D)
  3 spiny frogs (D)
  A tengu conjurer (D)
  6 polar bears (D)
  4 trolls (D)
  2 merfolk (D)
  A slime creature (D)
  A giant leech (D)
  A two-headed ogre (D)
  5 trapdoor spiders (D)
  2 redbacks (D)
  3 yaks (D)
  A vampire (D)
  A trapdoor spider (shapeshifter) (D)
  A deep elf mage (D)
  2 water elementals (D)
  A tarantella (D)
  Eustachio (D)
  A wraith (D)
  2 vampire mosquitoes (D)
  A hippogriff (D)
  A naga (D)
  An ice beast (D)
  A water moccasin (D)
  4 porcupines (D)
  2 swamp drakes (D)
  8 orc warriors (D)
  A spider (D)
  2 black bears (D)
  A crocodile (D)
  A phantom (D)
  A boggart (D)
  A centaur (D)
  A brain worm (D)
  A giant frog (D)
  A killer bee (D)
  An orc priest (D)
  2 iguanas (D)
  5 orc wizards (D)
  A worker ant (D)
  An adder (D)
  2 river rats (D)
  An ooze (D)
  An adder skeleton (D)
  5 orcs (D)
  A ball python (D)
  2 giant cockroaches (D)
  A hobgoblin (D)
  A giant gecko (D)
  A goblin (D)
159 creatures vanquished.

Vanquished Creatures (others)
  A slime creature (D)
  An orc wizard (D)
2 creatures vanquished.

Grand Total: 161 creatures vanquished

Notes
Turn   | Place    | Note
--------------------------------------------------------------
     0 | D        | Kidiri the Gargoyle Fighter began the quest for the Orb.
     0 | D        | Reached XP level 1. HP: 14/14 MP: 1/1
    11 | D        | Reached skill level 4 in Shields
    13 | D        | Reached XP level 2. HP: 14/19 MP: 2/2
    94 | D        | Noticed a worker ant
    94 | D        | Noticed a phantom
   106 | D        | Reached skill level 1 in Dodging
   118 | D        | Killed a worker ant
   118 | D        | Reached skill level 5 in Armour
   118 | D        | Reached skill level 5 in Shields
   118 | D        | Reached XP level 3. HP: 18/23 MP: 3/3
   139 | D        | Killed a phantom
   139 | D        | Reached skill level 7 in Armour
   139 | D        | Reached XP level 4. HP: 18/28 MP: 4/4
   139 | D        | Reached XP level 5. HP: 20/32 MP: 5/5
   150 | D        | Found a glowing silver altar of Zin.
   150 | D        | Found a glowing golden altar of the Shining One.
   150 | D        | Found an ancient bone altar of Kikubaaqudgha.
   150 | D        | Found a basalt altar of Yredelemnul.
   150 | D        | Found a shimmering altar of Xom.
   150 | D        | Found a radiant altar of Vehumet.
   151 | D        | Found an iron altar of Okawaru.
   152 | D        | Found a burning altar of Makhleb.
   153 | D        | Found a deep blue altar of Sif Muna.
   154 | D        | Found a bloodstained altar of Trog.
   155 | D        | Found a sparkling altar of Nemelex Xobeh.
   156 | D        | Found a white marble altar of Elyvilon.
   157 | D        | Found a roughly hewn altar of Beogh.
   158 | D        | Found a viscous altar of Jiyva.
   159 | D        | Became a worshipper of Warmaster Okawaru
   160 | D        | Found a corrupted altar of Lugonu.
   161 | D        | Found a blossoming altar of Fedhas.
   162 | D        | Found a snail-covered altar of Cheibriados.
   163 | D        | Found a shadowy altar of Dithmenos.
   164 | D        | Found a stormy altar of Qazlal.
   165 | D        | Found an opulent altar of Gozag.
   166 | D        | Found a sacrificial altar of Ru.
   256 | D        | Noticed an ice beast
   256 | D        | Noticed a two-headed ogre
   256 | D        | Noticed a killer bee
   256 | D        | Noticed a centaur
   263 | D        | Killed a centaur
   264 | D        | Reached skill level 8 in Armour
   269 | D        | Killed a killer bee
   269 | D        | Reached XP level 6. HP: 25/37 MP: 5/8
   275 | D        | Killed a two-headed ogre
   275 | D        | Acquired Okawaru's first power
   275 | D        | Reached skill level 5 in Maces & Flails
   275 | D        | Reached skill level 9 in Armour
   282 | D        | Killed an ice beast
   282 | D        | Reached XP level 7. HP: 16/41 MP: 7/10
   596 | D        | Noticed a centaur warrior
   596 | D        | Noticed a hill giant
   596 | D        | Noticed a tengu warrior
   596 | D        | Noticed a yak
   596 | D        | Noticed a hill giant
   598 | D        | Noticed a trapdoor spider
   604 | D        | Killed a trapdoor spider
   604 | D        | Reached skill level 10 in Armour
   604 | D        | Reached skill level 5 in Dodging
   604 | D        | Reached skill level 10 in Shields
   604 | D        | Reached skill level 5 in Invocations
   612 | D        | Killed a hill giant
   612 | D        | Reached skill level 11 in Armour
   612 | D        | Reached XP level 8. HP: 38/46 MP: 8/12
   617 | D        | Killed a yak
   633 | D        | Killed a tengu warrior
   633 | D        | Reached skill level 12 in Armour
   633 | D        | Reached XP level 9. HP: 33/51 MP: 11/14
   645 | D        | Killed a hill giant
   663 | D        | Killed a centaur warrior
   663 | D        | Reached skill level 13 in Armour
   866 | D        | Noticed Erica
   879 | D        | Killed Erica
   879 | D        | Reached XP level 10. HP: 56/56 MP: 14/16
   982 | D        | Noticed a black mamba
   982 | D        | Noticed a porcupine
   982 | D        | Noticed an iguana
   982 | D        | Noticed an iguana
   982 | D        | Noticed a porcupine
   984 | D        | Killed a porcupine
   985 | D        | Killed an iguana
   986 | D        | Noticed a yak
   989 | D        | Noticed a porcupine
   991 | D        | Noticed a water moccasin
   993 | D        | Killed an iguana
   996 | D        | Killed a porcupine
  1002 | D        | Killed a black mamba
  1002 | D        | Received a gift from Okawaru
  1002 | D        | Reached skill level 14 in Armour
  1014 | D        | Killed a yak
  1018 | D        | Killed a porcupine
  1018 | D        | Reached skill level 1 in Throwing
  1023 | D        | Killed a water moccasin
  1048 | D        | Noticed a spiny frog
  1048 | D        | Noticed a spiny frog
  1048 | D        | Noticed a giant frog
  1048 | D        | Noticed a komodo dragon
  1048 | D        | Noticed a yak
  1049 | D        | Noticed a porcupine
  1053 | D        | Killed a yak
  1053 | D        | Acquired Okawaru's second power
  1056 | D        | Killed a komodo dragon
  1058 | D        | Noticed a crocodile
  1060 | D        | Killed a spiny frog
  1064 | D        | Killed a spiny frog
  1067 | D        | Killed a giant frog
  1071 | D        | Killed a porcupine
  1075 | D        | Noticed a hippogriff
  1084 | D        | Killed a crocodile
  1093 | D        | Killed a hippogriff
  1112 | D        | Noticed a polar bear
  1112 | D        | Noticed a polar bear
  1112 | D        | Noticed a polar bear
  1112 | D        | Noticed a polar bear
  1112 | D        | Noticed a black bear
  1112 | D        | Noticed a polar bear
  1118 | D        | Noticed a polar bear
  1122 | D        | Killed a polar bear
  1122 | D        | Reached skill level 10 in Maces & Flails
  1127 | D        | Killed a polar bear
  1133 | D        | Noticed a black bear
  1133 | D        | Killed a polar bear
  1133 | D        | Reached skill level 15 in Armour
  1133 | D        | Reached skill level 10 in Invocations
  1133 | D        | Reached XP level 11. HP: 57/60 MP: 18/18
  1147 | D        | Killed a black bear
  1152 | D        | Killed a polar bear
  1152 | D        | Reached skill level 15 in Shields
  1154 | D        | Killed a polar bear
  1159 | D        | Killed a polar bear
  1162 | D        | Killed a black bear
  1162 | D        | Received a gift from Okawaru
  1246 | D        | Noticed Harold
  1265 | D        | Killed Harold
  1335 | D        | Noticed an orc wizard
  1335 | D        | Noticed an orc wizard
  1335 | D        | Noticed an orc wizard
  1335 | D        | Noticed an orc sorcerer
  1338 | D        | Noticed an orc wizard
  1340 | D        | Noticed an orc priest
  1344 | D        | Noticed an orc wizard
  1346 | D        | Killed an orc wizard
  1362 | D        | Killed an orc wizard
  1367 | D        | Killed an orc wizard
  1370 | D        | Killed an orc sorcerer
  1370 | D        | Received a gift from Okawaru
  1379 | D        | Killed an orc wizard
  1382 | D        | Killed an orc wizard
  1383 | D        | Killed an orc priest
  1390 | D        | Noticed an orc wizard
  1396 | D        | Killed an orc wizard
  1429 | D        | Noticed an orc knight
  1450 | D        | Killed an orc knight
  1450 | D        | Received a gift from Okawaru
  1610 | D        | Noticed an orc warrior
  1610 | D        | Noticed an orc warrior
  1610 | D        | Noticed an orc knight
  1610 | D        | Noticed an orc warrior
  1610 | D        | Noticed an orc warrior
  1610 | D        | Noticed an orc knight
  1612 | D        | Noticed an orc warrior
  1622 | D        | Killed an orc knight
  1622 | D        | Reached skill level 5 in Throwing
  1633 | D        | Noticed an orc warrior
  1634 | D        | Killed an orc knight
  1634 | D        | Reached skill level 16 in Armour
  1644 | D        | Killed an orc warrior
  1645 | D        | Noticed an orc warrior
  1648 | D        | Noticed an orc knight
  1655 | D        | Killed an orc warrior
  1656 | D        | Noticed an orc warrior
  1657 | D        | Noticed an orc knight
  1660 | D        | Killed an orc warrior
  1662 | D        | Killed an orc warrior
  1674 | D        | Killed an orc warrior
  1691 | D        | Killed an orc knight
  1693 | D        | Killed an orc warrior
  1716 | D        | Killed an orc knight
  1721 | D        | Killed an orc warrior
  1725 | D        | Killed an orc warrior
  1780 | D        | Found Bytich's Book Boutique.
  1780 | D        | Noticed a deep troll
  1780 | D        | Noticed a deep troll
  1780 | D        | Noticed an ettin
  1780 | D        | Noticed a deep troll
  1780 | D        | Noticed a hill giant
  1781 | D        | Noticed a stone giant
  1782 | D        | Killed a deep troll
  1784 | D        | Killed a hill giant
  1785 | D        | Killed an ettin
  1785 | D        | Reached XP level 12. HP: 64/64 MP: 11/19
  1786 | D        | Killed a deep troll
  1788 | D        | Killed a deep troll
  1788 | D        | Reached skill level 17 in Armour
  1790 | D        | Found Yffeirhiutt's Distillery.
  1791 | D        | Noticed a troll
  1793 | D        | Noticed a troll
  1797 | D        | Killed a stone giant
  1798 | D        | Found Leynoraq's Weapon Boutique.
  1799 | D        | Noticed an ogre mage
  1803 | D        | Killed a troll
  1804 | D        | Found Lyt Ywen's Armour Shop.
  1808 | D        | Killed a troll
  1808 | D        | Reached skill level 10 in Dodging
  1809 | D        | Noticed a hill giant
  1812 | D        | Noticed an ogre mage
  1823 | D        | Killed an ogre mage
  1827 | D        | Killed an ogre mage
  1827 | D        | Received a gift from Okawaru
  1832 | D        | Killed a hill giant
  1835 | D        | Noticed a troll
  1836 | D        | Noticed a hill giant
  1844 | D        | Killed a troll
  1851 | D        | Killed a hill giant
  1851 | D        | Received a gift from Okawaru
  1870 | D        | Got a pitted chain mail {god gift}
  1881 | D        | Identified the +0 chain mail of Free Expression {Dex+2} (Okawaru gifted it to you in the Dungeon)
  1933 | D        | Bought a potion of mutation for 25 gold pieces
  1933 | D        | Bought a potion of heal wounds for 50 gold pieces
  1933 | D        | Bought 2 potions of curing for 60 gold pieces
  1933 | D        | Bought a potion of might for 40 gold pieces
  1933 | D        | Bought a potion of heal wounds for 50 gold pieces
  1933 | D        | Bought a potion of haste for 100 gold pieces
  1933 | D        | Bought a potion of heal wounds for 50 gold pieces
  1933 | D        | Gained mutation: You are partially covered in rough black scales (AC +4, Dex -1). [potion of mutation]
  1933 | D        | Gained mutation: Your natural rate of healing is unusually fast. [potion of mutation]
  1933 | D        | Gained mutation: You have large cloven feet. [potion of mutation]
  1938 | D        | Bought a +0 pair of boots for 49 gold pieces
  2011 | D        | Noticed Eustachio
  2032 | D        | Killed Eustachio
  2072 | D        | Got the +7 mace of Orus {crush, Str+4 Int+4 Dex-4}
  2117 | D        | Noticed a vampire
  2117 | D        | Noticed a four-headed hydra
  2117 | D        | Noticed a deep elf mage
  2117 | D        | Noticed a brain worm
  2117 | D        | Noticed a troll
  2117 | D        | Noticed a trapdoor spider
  2119 | D        | Killed a trapdoor spider
  2126 | D        | Killed a troll
  2127 | D        | Noticed a wraith
  2133 | D        | Noticed a cyclops
  2133 | D        | Killed a four-headed hydra
  2133 | D        | Reached skill level 18 in Armour
  2135 | D        | Killed a brain worm
  2136 | D        | Noticed an ettin
  2141 | D        | Noticed an ogre mage
  2145 | D        | Killed a vampire
  2149 | D        | Noticed an ogre mage
  2152 | D        | Killed a wraith
  2159 | D        | Killed an ettin
  2160 | D        | Noticed a vampire mage
  2161 | D        | Noticed an ice dragon
  2167 | D        | Killed a cyclops
  2169 | D        | Noticed a lich
  2173 | D        | Killed an ogre mage
  2174 | D        | Killed a deep elf mage
  2183 | D        | Noticed a boggart
  2187 | D        | Killed a vampire mage
  2195 | D        | Killed an ice dragon
  2195 | D        | Reached XP level 13. HP: 30/68 MP: 16/20
  2197 | D        | Killed an ogre mage
  2197 | D        | Killed a boggart
  2220 | D        | Killed a lich
  2220 | D        | Reached skill level 19 in Armour
  2316 | D        | Noticed Jory
  2353 | D        | Killed Jory
  2353 | D        | Received a gift from Okawaru
  2353 | D        | Received a gift from Okawaru
  2353 | D        | Reached skill level 10 in Throwing
  2354 | D        | Got a jewelled scale mail {god gift}
  2355 | D        | Noticed Nessos
  2378 | D        | Identified the +6 scale mail of Jigsaw {*Corrode Str+4 Dex+9} (Okawaru gifted it to you in the Dungeon)
  2481 | D        | Killed Nessos
  2532 | D        | Noticed Erolcha
  2543 | D        | Killed Erolcha
  2575 | D        | Noticed a hornet
  2575 | D        | Noticed a redback
  2575 | D        | Noticed a spider
  2576 | D        | Noticed a redback
  2576 | D        | Noticed a trapdoor spider
  2577 | D        | Noticed a trapdoor spider
  2579 | D        | Killed a trapdoor spider
  2582 | D        | Killed a spider
  2587 | D        | Killed a redback
  2590 | D        | Noticed a tarantella
  2593 | D        | Killed a hornet
  2596 | D        | Killed a redback
  2601 | D        | Killed a trapdoor spider
  2604 | D        | Killed a tarantella
  2623 | D        | Noticed a trapdoor spider
  2626 | D        | Killed a trapdoor spider
  2628 | D        | Noticed a trapdoor spider
  2633 | D        | Killed a trapdoor spider
  2635 | D        | Noticed a black mamba
  2635 | D        | Noticed a naga mage
  2635 | D        | Noticed a mana viper
  2635 | D        | Noticed a shock serpent
  2635 | D        | Noticed a naga mage
  2635 | D        | Noticed a naga mage
  2636 | D        | Noticed a black mamba
  2642 | D        | Killed a naga mage
  2643 | D        | Noticed a naga
  2646 | D        | Killed a naga mage
  2646 | D        | Reached skill level 20 in Shields
  2647 | D        | Noticed a naga mage
  2652 | D        | Killed a shock serpent
  2659 | D        | Killed a mana viper
  2664 | D        | Killed a naga mage
  2672 | D        | Killed a black mamba
  2677 | D        | Killed a black mamba
  2682 | D        | Killed a naga mage
  2687 | D        | Killed a naga
  2713 | D        | Noticed a white ugly thing
  2713 | D        | Noticed a vampire mosquito
  2713 | D        | Noticed a slime creature
  2713 | D        | Noticed a giant leech
  2713 | D        | Noticed a spiny frog
  2713 | D        | Noticed a swamp drake
  2715 | D        | Killed a swamp drake
  2718 | D        | Noticed a swamp drake
  2719 | D        | Killed a spiny frog
  2721 | D        | Noticed a swamp dragon
  2725 | D        | Killed a giant leech
  2727 | D        | Noticed a vampire mosquito
  2727 | D        | Killed a slime creature
  2734 | D        | Killed a white ugly thing
  2736 | D        | Killed a vampire mosquito
  2739 | D        | Killed a swamp drake
  2748 | D        | Killed a swamp dragon
  2753 | D        | Killed a vampire mosquito
  2767 | D        | Gained mutation: You are partially covered in rugged brown scales (AC +1, +3% HP). [mutagenic meat]
  2769 | D        | Gained mutation: You occasionally shout uncontrollably at your foes. [mutagenic meat]
  2781 | D        | Noticed a water elemental
  2781 | D        | Noticed a satyr
  2781 | D        | Noticed a manticore
  2781 | D        | Noticed a water elemental
  2781 | D        | Noticed a merfolk
  2781 | D        | Noticed a merfolk impaler
  2782 | D        | Noticed a water nymph
  2790 | D        | Killed a merfolk impaler
  2791 | D        | Noticed a merfolk
  2795 | D        | Killed a merfolk
  2800 | D        | Killed a water elemental
  2800 | D        | Gained mutation: Your large and strong wings let you fly indefinitely. [Gargoyle growth]
  2800 | D        | Reached XP level 14. HP: 76/76 MP: 14/21
  2801 | D        | Noticed a siren
  2807 | D        | Killed a manticore
  2812 | D        | Killed a satyr
  2812 | D        | Received a gift from Okawaru
  2816 | D        | Killed a water elemental
  2824 | D        | Killed a water nymph
  2829 | D        | Killed a merfolk
  2837 | D        | Killed a siren
  2881 | D        | Noticed Agnes
  2897 | D        | Killed Agnes
  2977 | D        | Noticed a yaktaur captain
  2977 | D        | Noticed a lich
  2977 | D        | Noticed a deep troll earth mage
  2977 | D        | Noticed an ice dragon
  2977 | D        | Noticed an ice dragon
  2977 | D        | Noticed a slime creature
  2982 | D        | Killed a slime creature
  2983 | D        | Noticed a spriggan berserker
  2992 | D        | Killed an ice dragon
  2992 | D        | Reached skill level 21 in Armour
  2993 | D        | Noticed a frost giant
  3003 | D        | Killed a lich
  3017 | D        | Killed an ice dragon
  3018 | D        | Noticed a tengu conjurer
  3030 | D        | Killed a deep troll earth mage
  3031 | D        | Noticed an ice dragon
  3039 | D        | Killed a yaktaur captain
  3040 | D        | Noticed a fire giant
  3045 | D        | Received a gift from Okawaru
  3051 | D        | Killed a spriggan berserker
  3052 | D        | Noticed a giant orange brain
  3058 | D        | Noticed a yaktaur captain
  3060 | D        | Killed a frost giant
  3060 | D        | Received a gift from Okawaru
  3062 | D        | Noticed an ettin
  3065 | D        | Killed a tengu conjurer
  3066 | D        | Noticed a green ugly thing
  3068 | D        | Noticed a necromancer
  3075 | D        | Killed an ice dragon
  3090 | D        | Killed a fire giant
  3090 | D        | Received a gift from Okawaru
  3090 | D        | Reached skill level 15 in Maces & Flails
  3099 | D        | Killed a yaktaur captain
  3099 | D        | Received a gift from Okawaru
  3104 | D        | Killed an ettin
  3110 | D        | Noticed an entropy weaver
  3113 | D        | Killed a giant orange brain
  3119 | D        | Killed a green ugly thing
  3127 | D        | Killed a necromancer
  3127 | D        | Reached skill level 22 in Shields
  3159 | D        | Slain by an entropy weaver

Vault maps used:
D:        linesprint

Action                   |  1- 3 |  4- 6 |  7- 9 | 10-12 | 13-15 || total
-------------------------+-------+-------+-------+-------+-------++-------
Melee: Flail             |    49 |       |       |       |       ||    49
       Morningstar       |       |    25 |    75 |   357 |       ||   457
       Mace              |       |       |       |    69 |   401 ||   470
Throw: Javelin           |       |       |       |    16 |     7 ||    23
       Tomahawk          |       |       |       |     4 |     1 ||     5
Invok: Heroism           |       |       |     2 |     8 |     6 ||    16
       Finesse           |       |       |       |     4 |     6 ||    10
  Use: Potion            |       |       |     1 |     4 |     2 ||     7
       Scroll            |       |       |       |     4 |       ||     4
 Stab: Fleeing           |       |       |       |     1 |       ||     1
  Eat: Chunk             |       |       |       |     6 |     4 ||    10
       Bread ration      |       |       |       |       |     1 ||     1
